 Dungeon Crawl Stone Soup version 0.16-a0-1065-g6dfd42a (webtiles) character file.

1214 Hodglim the Conjurer (level 8, -8/46 HPs)
             Began as a High Elf Conjurer on Oct 4, 2014.
             Was a Believer of Sif Muna.
             Killed from afar by Foahim's ghost (19 damage)
             ... with a blast of negative energy
             ... on level 6 of the Dungeon.
             The game lasted 00:47:46 (7970 turns).

Hodglim the Conjurer (High Elf Conjurer)            Turns: 7970, Time: 00:47:46

HP  -8/46        AC  4     Str  7      XL: 8   Next: 22%
MP  10/25        EV 10     Int 21      God: Sif Muna [**....]
Gold 280         SH  0     Dex 16      Spells:  4 memorised, 10 levels left

rFire  . . .     SeeInvis .     o - +1 falchion
rCold  . . .     Clarity  .     e - +1 leather armour
rNeg   . . .     rCorr    .     (no shield)
rPois  .         rRot     .     (no helmet)
rElec  .         Spirit   .     (no cloak)
SustAb .         Warding  .     (no gloves)
rMut   .         Stasis   .     (no boots)
Gourm  .                        f - amulet of faith
MR     .....                    (no ring)
                                (no ring)

@: heavily drained, not resistant to hostile enchantments, very unstealthy
A: no striking features
a: Channel Energy, Forget Spell, Renounce Religion


You were on level 6 of the Dungeon.
You worshipped Sif Muna.
Sif Muna was pleased with you.
You were not hungry.

You visited 2 branches of the dungeon, and saw 7 of its levels.
You also visited: Sewer.

You collected 280 gold pieces.

Inventory:

Hand weapons
 d - a cursed -2 dagger
 m - a +0 short sword
 n - a +0 mace of protection
 o - a +1 falchion (weapon)
 A - a +2 scythe of slicing
 C - a +0 long sword
Armour
 e - a +1 leather armour (worn)
 y - a +1 ring mail of fire resistance
 B - a +0 pair of boots
 L - a cursed +0 helmet
Magical devices
 E - a wand of cold (10) {unknown}
Comestibles
 b - 5 bread rations
 t - 2 fruits
 u - a royal jelly
 H - a beef jerky
 I - a meat ration
 J - 2 rotting chunks of orc flesh
 K - a slice of pizza
Scrolls
 h - a scroll of enchant armour
 l - 4 scrolls of identify
 s - 2 scrolls of magic mapping
 v - a scroll of blinking
 x - a scroll of enchant weapon
Jewellery
 f - an amulet of faith (around neck)
Potions
 a - a potion of berserk rage
 g - a potion of confusion {unknown}
 i - 8 potions of curing
 j - a potion of magic {unknown}
 k - a potion of agility {unknown}
 p - 2 potions of restore abilities {unknown}
 q - a potion of lignification {unknown}
 r - a potion of heal wounds {unknown}
 w - 2 potions of mutation {unknown}
 z - 2 potions of haste {unknown}
 D - 2 potions of poison {unknown}
Books
 c - a book of Conjurations

   Spells                             Type                      Level
   *Magic Dart                        Conjuration                  1
   *Searing Ray                       Conjuration                  2
   Dazzling Spray                     Conjuration/Hexes            3
   Fulminant Prism                    Conjuration/Hexes            4
   Iskenderun's Mystic Blast          Conjuration                  4
   *Iskenderun's Battlesphere         Conjuration/Charms           5
 F - Klap's Papyrus of Conjuration
   (You acquired it on level 6 of the Dungeon)

   Spells                             Type                      Level
   Sting                              Conjuration/Poison           1
   *Mephitic Cloud                    Conjuration/Poison/Air       3
   Bolt of Draining                   Conjuration/Necromancy       5
   Lightning Bolt                     Conjuration/Air              5
   Bolt of Fire                       Conjuration/Fire             6


   Skills:
 - Level 2.1(0.6) Dodging
 - Level 2.1(0.6) Stealth
 - Level 7.0(5.2) Spellcasting
 + Level 8.2(6.4) Conjurations
 + Level 5.3(3.7) Charms


You had 10 spell levels left.
You knew the following spells:

 Your Spells              Type           Power        Failure   Level  Hunger
a - Magic Dart            Conj           ####         1%          1    None
b - Searing Ray           Conj           ####..       1%          2    None
c - Iskenderun's Battles  Conj/Chrm      ####....     41%         5    #####..
d - Mephitic Cloud        Conj/Pois/Air  ##......     17%         3    ##.....


Dungeon Overview and Level Annotations

Branches:
Dungeon (6/15)             Temple (1/1) D:4

Altars:
Ashenzari
Cheibriados
Dithmenos
Elyvilon
Gozag
Kikubaaqudgha
Makhleb
Okawaru
Qazlal
Sif Muna
Trog
Xom
Zin
The Shining One

Annotations:
D:3 Hodglim's ghost, average DEFE
D:6 Foahim's ghost, experienced DrFi


Message History

Aiming: Magic Dart
Press: ? - help, Shift-Dir - straight line, f/p - Foahim's ghost
Aim: Foahim's ghost The magic dart hits Foahim's ghost.
Foahim's ghost breathes negative energy at you.
The blast of negative energy hits you!
You feel drained.
Casting: Magic Dart
Confirm with . or Enter, or press ? or * to list all spells.
Aiming: Magic Dart
Press: ? - help, Shift-Dir - straight line, f/p - Foahim's ghost
Aim: Foahim's ghost The magic dart hits Foahim's ghost.
Foahim's ghost is lightly damaged.
Foahim's ghost breathes negative energy at you.
The blast of negative energy hits you!
You feel drained.
* * * LOW HITPOINT WARNING * * *
You see here a bat corpse.
Foahim's ghost breathes negative energy at you.
The blast of negative energy hits you!
You feel drained.
You die...

#.#####...##.#..#
#.......#.##.#..###
#########.##.#.. ..
#..#.#.##.# #####
##.#.#....# ....#
#...#.[..## ###.###
##..#..... ......#
#..#..# ......#
#..@..# ......#
#.##.## ......#
#.##%# ......#
#..#.# ....>.#
##.#)##.#####
......#
#...W......)#
......#
#...%...###.#
####### #.......#
#...)...#


You could see Foahim's ghost.

Vanquished Creatures
  A necrophage (D:5)
  Sigmund (D:3)
  3 giant frogs
  A big kobold (Sewer)
  A scorpion (D:5)
  3 hounds (D:5)
  3 orc priests
  3 iguanas
  3 worker ants
  3 orc wizards (D:5)
  Ijyb (D:3)
  10 adders
  A shadow imp (D:5)
  3 giant mites
  2 green rats
  5 worms
  An orc skeleton (D:4)
  4 giant geckos
  2 oozes
  18 orcs
  3 ball pythons
  16 bats
  6 giant cockroaches
  8 goblins
  14 hobgoblins
  13 jackals
  A quokka (D:5)
  3 giant newts
  A goblin zombie (D:4)
  13 kobolds
  An orc zombie (D:5)
  18 rats
166 creatures vanquished.

Notes
Turn   | Place    | Note
--------------------------------------------------------------
     0 | D:1      | Hodglim, the High Elf Conjurer, began the quest for the Orb.
     0 | D:1      | Reached XP level 1. HP: 11/11 MP: 4/4
   475 | D:1      | Reached XP level 2. HP: 17/17 MP: 4/6
  1121 | D:2      | Reached XP level 3. HP: 21/21 MP: 5/10
  1159 | D:2      | Learned a level 2 spell: Searing Ray
  1392 | D:2      | Reached skill level 5 in Conjurations
  1950 | D:3      | Reached XP level 4. HP: 23/27 MP: 10/14
  2040 | D:3      | Noticed Ijyb
  2050 | D:3      | Killed Ijyb
  2188 | D:3      | Noticed Sigmund
  2371 | D:4      | Found a staircase to the Ecumenical Temple.
  2402 | D:4      | Reached XP level 5. HP: 28/31 MP: 6/17
  2415 | D:4      | Found a glowing drain.
  2467 | Temple   | Entered the Ecumenical Temple
  2696 | Sewer    | Entered a sewer
  2830 | Sewer    | Reached skill level 5 in Spellcasting
  2830 | Sewer    | Reached skill level 6 in Conjurations
  2935 | Sewer    | Found a white marble altar of Elyvilon.
  3086 | D:4      | Reached XP level 6. HP: 36/36 MP: 16/20
  3100 | Temple   | Became a worshipper of Sif Muna the Loreminder
  3326 | D:4      | Learned a level 5 spell: Iskenderun's Battlesphere
  3329 | D:4      | Noticed a giant frog
  3335 | D:4      | Killed a giant frog
  3335 | D:4      | Reached skill level 1 in Charms
  4336 | D:5      | Entered Level 5 of the Dungeon
  4560 | D:5      | Acquired Sif Muna's first power
  4560 | D:5      | Reached XP level 7. HP: 12/41 MP: 8/22
  5081 | D:5      | Reached skill level 7 in Conjurations
  5758 | D:5      | Found a glowing golden altar of the Shining One.
  6148 | D:5      | Acquired Sif Muna's second power
  6364 | D:3      | Killed Sigmund
  6441 | D:3      | Noticed Hodglim's ghost (average DEFE)
  6454 | D:3      | Reached XP level 8. HP: 44/46 MP: 21/24
  7463 | D:6      | Reached skill level 5 in Charms
  7562 | D:6      | Found a shimmering altar of Xom.
  7598 | D:6      | Reached skill level 8 in Conjurations
  7793 | D:6      | Identified a scroll of acquirement
  7794 | D:6      | Identified Klap's Papyrus of Conjuration (You acquired it on level 6 of the Dungeon)
  7799 | D:6      | Learned a level 3 spell: Mephitic Cloud
  7959 | D:6      | Noticed Foahim's ghost (experienced DrFi)
  7970 | D:6      | Killed from afar by Foahim's ghost

Action                   |  1- 3 |  4- 6 |  7- 9 || total
-------------------------+-------+-------+-------++-------
Melee: Unarmed           |     5 |       |       ||     5
       Short sword       |     9 |       |       ||     9
       Falchion          |       |    11 |    21 ||    32
 Cast: Magic Dart        |    67 |   137 |   144 ||   348
       Searing Ray       |     3 |    15 |    14 ||    32
  Use: Scroll            |     8 |     5 |     3 ||    16
  Eat: Chunk             |     3 |     8 |    10 ||    21
